[Event "Italian-ch Semifinal 2022"]
[Site "Acqui Terme"]
[Date "2022.06.15"]
[Round "1.10"]
[White "Pasini, Nicolo"]
[Black "Mortola, Alberto"]
[Result "1-0"]
[ECO "A40"]
[WhiteElo "2227"]
[BlackElo "1944"]
[Annotator "TA"]
[PlyCount "54"]
[EventDate "2022.06.15"]
[EventType "swiss"]
[EventCountry "ITA"]
[SourceTitle "playchess.com"]
[Source "ChessBase"]
[SourceQuality "1"]
[TimeControl "40/5400+30:1800+30"]

1. d4 b5 2. e4 a6 3. Nd2 Bb7 4. a4 Nf6 5. Bd3 e6 6. Qe2 {[%emt 0:00:03] A40: Unusual replies to 1 d4.} c5 7. dxc5 Nc6 8. Ngf3 {[%emt 0:03:29] Against Nd4. White is slightly better.} Bxc5 {[%emt 0:12:53] [#]} 9. axb5 $146 ({Predecessor:} 9. e5 Ng4 10. Ne4 Qb6 11. Bf4 Nb4 12. Nxc5 Qxc5 13. O-O Nxd3 14. Qxd3 Rc8 15. axb5 axb5 {0-1 (46) Nadj Hedjesi,B (2363)-Petakov,U (2246) Sombor 2008}) 9... axb5 10. Rxa8 Qxa8 11. e5 Nd5 12. Ne4 Be7 13. c3 {[%emt 0:15:05] Prevents Ncb4.} b4 (13... Qb8 $11) 14. c4 $16 Nc7 15. O-O O-O (15... Na6 $142) 16. Nf6+ gxf6 (16... Bxf6 $16 {was worth a try.} 17. exf6 (17. Qe4 g6 $11) 17... g6) 17. exf6 $18 {[%emt 0:01:42] White threatens Qe4 and mate.} Nd4 {[%emt 0:00:12] [#]} (17... Bxf6 18. Qe4 Rb8 19. Bh6 Bg7 20. Qxh7+ Kf8 21. Qxg7+ Ke7 22. Bg5+ Kd6 23. c5+ Kd5 24. Qxf7) 18. Nxd4 (18. Qe5 $1 $18 {[%cal Re5g5] Qg5+ would kill now.} Bxf6 19. Qxf6 Nxf3+ 20. gxf3) 18... Bxf6 $16 19. Bh6 {[%emt 0:07:00] Hoping for Qg4+.} ({Don't take} 19. Qh5 $6 Be4 20. Qg4+ Bg6 $14) 19... Rc8 20. Qg4+ Kh8 {[%emt 0:00:10] Threatens to win with ...Rg8.} 21. Qf4 Ne8 22. Bg5 Bxg5 23. Qxg5 Ng7 24. Nb5 $40 {[%emt 0:03:28][%mdl 128] aiming for Re1. White attacks with force. White is much more active.} Qa6 (24... Bc6 $16 {is a better defense.}) 25. c5 (25. Re1 $18) 25... Qc6 $2 {[%emt 0:01:32][%mdl 8192] [#]} (25... Rf8 $16) 26. Nd6 $18 f6 27. Qg3 Qxc5 {[%emt 0:01:06] Weighted Error Value: White=0.23 (precise) /Black=0.33} 1-0